 Dungeon Crawl Stone Soup version 0.27.1 (webtiles) character file.

Game seed: 6318619574909438332

17 Revguard the Firebug (level 2, 0/26 HPs)
             Began as an Ogre Fire Elementalist on Aug 24, 2021.
             Slain by an adder (3 damage)
             ... on level 2 of the Dungeon.
             The game lasted 00:02:09 (502 turns).

Revguard the Firebug (Ogre Fire Elementalist)        Turns: 502, Time: 00:02:09

Health: 0/26       AC:  3    Str: 11    XL:     2   Next: 62%
Magic:  5/5        EV: 10    Int: 16    God:
Gold:   19         SH:  0    Dex:  9    Spells: 5/6 levels left

rFire    . . .     SeeInvis .   c - +0 club
rCold    . . .     Faith    .   (no shield)
rNeg     . . .     Spirit   .   a - +0 robe
rPois    .         Reflect  .   (helmet restricted)
rElec    .         Harm     .   (no cloak)
rCorr    .         Rampage  .   (gloves unavailable)
Will     .....                  (boots unavailable)
Stlth    +.........             (no amulet)
HPRegen  0.08/turn              (no ring)
MPRegen  0.09/turn              (no ring)

@: no status effects
A: large, unfitting armour, tough skin 1
a: no special abilities


You were on level 2 of the Dungeon.
You visited 1 branch of the dungeon, and saw 2 of its levels.

You collected 19 gold pieces.

Inventory:

Hand Weapons
 c - a +0 club (weapon)
Armour
 a - a +0 robe (worn)
Jewellery
 d - a +6 ring of strength
Scrolls
 e - a scroll of immolation {unknown}
Potions
 b - a potion of magic {unknown}


   Skills:
 + Level 0.7 Fighting
 + Level 0.2 Maces & Flails
 + Level 0.5 Armour
 + Level 2.0 Dodging
 - Level 1.4 Stealth
 + Level 2.6 Spellcasting
 + Level 1.1 Conjurations
 + Level 2.8 Fire Magic


You had 5 spell levels left.
You knew the following spells:

 Your Spells              Type           Power      Damage    Failure   Level
a - Foxfire               Conj/Fire      32%        2x1d5     9%          1

Your spell library contained the following spells:

 Spells                   Type           Power      Damage    Failure   Level
 Conjure Flame            Conj/Fire      8%         6-21      26%         3
 Inner Flame              Hex/Fire       6%         N/A       32%         3
 Sticky Flame             Conj/Fire      8%         2d3       65%         4
 Fireball                 Conj/Fire      4%         3d4       94%         5


Dungeon Overview and Level Annotations

Branches:
Dungeon (2/15)

Altars:


Innate Abilities, Weirdness & Mutations

You are too large for most types of armour.
You have tough skin. (AC +1)


Message History

Your Dodging skill increases to level 2!
Things that are here:
a +0 club; a goblin corpse
Found 4 gold pieces.
A rat comes into view.
An adder comes into view.
Found 17 stones.
The adder hisses angrily.
A goblin comes into view. It is wielding a +0 club.
Found a club.
Found an escape hatch in the ceiling.
The helpless rat fails to defend itself.
You hit the rat but do no damage. The adder bites you but does no damage.
The rat bites you but does no damage. The adder bites you but does no damage.
The rat bites you but does no damage.
You closely miss the rat.
The goblin shouts!
The adder bites you but does no damage.
The goblin unwields a +0 club.
The goblin wields a +0 hunting sling.
The goblin shoots a stone.
The stone closely misses you. The rat bites you but does no damage.
You barely miss the rat. The adder bites you. The rat barely misses you.
The adder misses you.
You hit the rat.
You kill the rat!
The adder bites you but does no damage.
The goblin shoots a stone.
The stone hits you. The adder bites you.
You are poisoned.
The adder poisons you!
You feel sick.
The goblin shoots a stone.
The stone barely misses you. The adder bites you but does no damage.
You feel sick.
You closely miss the adder.
You feel sick. The adder bites you. The adder closely misses you.
You closely miss the adder.
You feel sick. The adder bites you.
* * * LOW HITPOINT WARNING * * *
The adder bites you.
* * * LOW HITPOINT WARNING * * *
You hit the adder but do no damage.
You feel sick.
You are no longer poisoned.
The adder bites you.
You die...

<..$ ).. #.#
####.#######
...g.......
###.........
#.....^.....
#.#.S.......
#.#.@.......
#.#.(.......
#.#.........
#.#.........
#.#.........
#)#.........
#.##...#####
#.##...#
###.###.##...#####


You could see an adder and a goblin.

Vanquished Creatures
  An endoplasm (D:1)
  4 goblins
  A hobgoblin (D:1)
  A quokka (D:1)
  3 ball pythons (D:1)
  3 bats (D:1)
  A frilled lizard (D:2)
  2 rats
16 creatures vanquished.

Vanquished Creatures (others)
  19 foxfires
19 creatures vanquished.

Grand Total: 35 creatures vanquished

Notes
Turn   | Place    | Note
-------+----------+-------------------------------------------
     0 | D:1      | Revguard the Ogre Fire Elementalist began the quest for the
                  | Orb.
     0 | D:1      | Reached XP level 1. HP: 16/16 MP: 3/3
   158 | D:1      | Reached skill level 1 in Conjurations
   190 | D:1      | Reached XP level 2. HP: 26/26 MP: 2/5
   384 | D:1      | You fall into a shaft and drop 1 floor!
   502 | D:2      | Slain by an adder

Illustrated notes

Levels and vault maps discovered:
D:1:      heliophobic_arrival_battle_scene, layout_loops_ring
D:2:      layout_basic

Skill      XL: |  1  2 |
---------------+-------+-----
Conjurations   | 1 |  1.1
Dodging        | 2 |  2.0
Fighting       | |  0.7
Maces & Flails | |  0.2
Armour         | |  0.5
Stealth        | |  1.4
Spellcasting   | |  2.6
Fire Magic     | |  2.8

Action                   || total
-------------------------++-------
Melee: Unarmed           ||     2
       Club              ||    23
 Cast: Foxfire           ||    13
 Stab: Sleeping          ||     2
Armor: Robe              ||    19
Dodge: Dodged            ||    24
